 Dungeon Crawl Stone Soup version 0.30-a0-870-gc5d4c5acee (webtiles) character file.

Game seed: 11437596427407994283

1376 greasedhog the Caller (level 8, -1/49 HPs)
             Began as a Gargoyle Summoner on Mar 11, 2023.
             Was an Initiate of Sif Muna.
             Slain by a killer bee (7 damage)
             ... on level 5 of the Dungeon.
             The game lasted 00:13:25 (5764 turns).

greasedhog the Caller (Gargoyle Summoner)           Turns: 5764, Time: 00:13:26

Health: -1/49      AC: 11    Str: 15    XL:     8   Next: 66%
Magic:  6/11       EV: 11    Int: 15    God:    Sif Muna [......]
Gold:   369        SH:  0    Dex: 10    Spells: 5/11 levels left

rFire   . . .      SeeInvis .    l - +0 spear
rCold   . . .      Faith    .    (no shield)
rNeg    + . .      Spirit   .    a - +0 robe
rPois   ∞          Reflect  .    u - +2 helmet
rElec   +          Rampage  .    (no cloak)
rCorr   .                        n - +0 pair of gloves
Will    +....                    (no boots)
Stlth   ++                       (no amulet)
HPRegen 0.28/turn                p - ring of willpower
MPRegen 0.12/turn                (no ring)

@: no status effects
A: sickness immunity, AC +5, negative energy resistance 1, electricity
resistance, torment resistance 1, petrification resistance
a: Renounce Religion


You were on level 5 of the Dungeon.
You worshipped Sif Muna.
Sif Muna was noncommittal.
You visited 2 branches of the dungeon, and saw 8 of its levels.

You collected 369 gold pieces.

Inventory:

Hand Weapons
 l - a +0 spear (weapon)
Armour
 a - a +0 robe (worn)
 n - a +0 pair of gloves (worn)
 u - a +2 helmet (worn)
Jewellery
 p - a ring of willpower (left hand)
 x - an amulet of guardian spirit
Wands
 t - a wand of iceblast (10)
 y - a wand of mindburst (20)
 z - a wand of quicksilver (7)
Scrolls
 j - a scroll of fear {unknown}
 k - 2 scrolls of enchant weapon
 m - a scroll of teleportation
 o - 3 scrolls of enchant armour {unknown}
 r - 2 scrolls of magic mapping {unknown}
 s - 3 scrolls of vulnerability {unknown}
 v - a scroll of torment {unknown}
 w - a scroll of silence {unknown}
 B - a scroll of brand weapon {unknown}
 C - a scroll of poison {unknown}
Potions
 b - 3 potions of magic
 c - 3 potions of curing
 e - a potion of attraction {unknown}
 f - a potion of resistance
 g - a potion of lignification {unknown}
 h - a potion of haste {unknown}
 i - 2 potions of heal wounds {unknown}
 q - 3 potions of brilliance {unknown}
 A - a potion of flight {unknown}


   Skills:
 - Level 5.2 Fighting
 + Level 4.3 Polearms
 - Level 1.5 Dodging
 - Level 2.1 Stealth
 + Level 2.4 Spellcasting
 * Level 7.7 Summonings


You had 5 spell levels left.
You knew the following spells:

 Your Spells              Type           Power      Damage    Failure   Level
a - Summon Small Mammal   Summ           100%       N/A       1%          1
b - Call Imp              Summ           25%        N/A       1%          2
c - Call Canine Familiar  Summ           25%        N/A       2%          3

Your spell library contained the following spells:

 Spells                   Type           Power      Damage    Failure   Level
 Summon Guardian Golem    Hex/Summ       13%        N/A       13%         3
 Sting                    Tmut/Pois      4%         1d3       22%         1
 Lesser Beckoning         Tloc           2%         N/A       32%         2
 Poisonous Vapours        Pois/Air       2%         N/A       32%         2
 Summon Lightning Spire   Summ/Air       13%        N/A       41%         4
 Gell's Gravitas          Tloc           1%         N/A       54%         3
 Teleport Other           Tloc           1%         N/A       54%         3
 Olgreb's Toxic Radiance  Pois           1%         N/A       91%         4
 Malign Gateway           Summ/Tloc      6%         N/A       100%        7
 Summon Horrible Things   Summ           12%        N/A       100%        8


Dungeon Overview and Level Annotations

Branches:
Dungeon (7/15)             Temple (1/1) D:5

Altars:
Ashenzari
Dithmenos
Elyvilon
Fedhas
Gozag
Hepliaklqana
Kikubaaqudgha
Makhleb
Nemelex Xobeh
Okawaru
Qazlal
Sif Muna
Trog
Vehumet
Wu Jian
Yredelemnul
Zin
The Shining One

Annotations:
Temple 2 transporters


Innate Abilities, Weirdness & Mutations

You are immune to sickness and miasma.
Your stone body is resilient. (AC +5)
You are immune to poison.
You resist negative energy. (rN+)
You are resistant to electric shocks. (rElec)
You are resistant to unholy torment.
You are immune to petrification.


Message History

Casting: Call Imp (safe; 1% risk of failure)
Confirm with . or Enter, or press ? or * to list all spells.
The killer bee closely misses you. The killer bee barely misses you.
You barely miss the killer bee. The killer bee stings you.
Your hound misses the killer bee. The killer bee stings you!
You hit the killer bee.
The killer bee is moderately wounded.
The killer bee stings you but does no damage.
Your hound bites the killer bee.
The killer bee attacks as you move away!
The killer bee closely misses you.
An ogre comes into view. It is wielding a +0 giant spiked club.
The killer bee stings you.
Your hound bites the killer bee.
You completely miss the killer bee.
The killer bee is heavily wounded.
The killer bee stings you but does no damage. x2
Your hound barely misses the killer bee.
The killer bee stings you but does no damage.
The killer bee misses you. The killer bee barely misses you.
Your hound barely misses the killer bee.
The killer bee completely misses you.
The ogre hits you with a +0 giant spiked club!
* * * LOW HITPOINT WARNING * * *
The killer bee stings you.
* * * LOW HITPOINT WARNING * * *
Your hound bites the killer bee.
It was a potion of curing.
You feel better. The killer bee stings your hound! Something hits your hound!
Your hound dies!
Your hound's corpse disappears in a puff of smoke!
The killer bee stings you.
* * * LOW HITPOINT WARNING * * *
You miss the killer bee.
The killer bee is almost dead.
The killer bee misses you. The killer bee closely misses you.
Casting: Call Canine Familiar (dangerous; 2% risk of failure)
Confirm with . or Enter, or press ? or * to list all spells.
The killer bee stings you!
You die...

#.#
#.#########.#.##....#....
#.# #.# #.#..#......#.#
#.# #.# #.##.#......#..
#.# #.# #.##...........
#.#
#.#########.###.###.#####
#.# #.#..h......#
#.###...... #.#
#.#.###########..########
#.#
#.#...Oy.h...............
#.#
#h#....#@...#####.#######
#.# #......#....# #..# ##
#.#########....#....#
##.### #.
#..............#....###
#...###.
###########....#......#
###..... #....#......#
#####. ######......# ##
#......# # ######......#
#


You could see an ogre, a killer bee (ally target) and a friendly hound
(summoned).

Vanquished Creatures
  An ogre (D:5)
  A bullfrog (D:6)
  2 scorpions
  A killer bee (D:6)
  A jelly (D:5)
  Jessica (D:3)
  An iguana (D:5)
  2 gnolls (D:4)
  A shadow imp (D:6)
  2 white imps (D:6)
  An ufetubus (D:6)
  A worm (D:2)
  3 dart slugs
  4 orcs (D:4)
  4 bats
  7 endoplasms
  2 giant cockroaches (D:4)
  3 hobgoblins
  3 jackals (D:1)
  7 kobolds
  A quokka (D:3)
  6 ball pythons
  2 frilled lizards
  4 goblins
  5 rats
66 creatures vanquished.

Vanquished Creatures (collateral kills)
  Sigmund (D:3)
  An ice beast (D:6)
  2 ogres (D:6)
  A phantom (D:6)
  A bullfrog (D:6)
  2 scorpions
  A jelly (D:5)
  An orc priest (D:4)
  Ijyb (D:3)
  An iguana (D:6)
  An orc wizard (D:4)
  2 gnolls
  2 adders (D:2)
  2 ufetubi (D:6)
  A worm (D:3)
  5 orcs
  2 bats
  2 endoplasms
  A goblin (D:3)
  3 hobgoblins
  A ball python (D:2)
  A rat (D:1)
35 creatures vanquished.

Grand Total: 101 creatures vanquished

Notes
Turn   | Place    | Note
-------+----------+-------------------------------------------
     0 | D:1      | greasedhog the Gargoyle Summoner began the quest for the
                  | Orb.
     0 | D:1      | Reached XP level 1. HP: 10/10 MP: 3/3
   207 | D:1      | Reached XP level 2. HP: 16/16 MP: 5/5
   300 | D:1      | Reached skill level 1 in Fighting
   300 | D:1      | Reached skill level 4 in Summonings
   381 | D:1      | Learned a level 2 spell: Call Imp
   877 | D:2      | Reached XP level 3. HP: 13/20 MP: 3/6
  1313 | D:2      | Reached XP level 4. HP: 24/26 MP: 7/7
  1839 | D:3      | Noticed Sigmund
  1863 | D:3      | Learned a level 3 spell: Call Canine Familiar
  1898 | D:3      | Killed Sigmund
  1899 | D:3      | Reached skill level 5 in Summonings
  1899 | D:3      | Reached XP level 5. HP: 23/32 MP: 1/8
  2031 | D:3      | Reached XP level 6. HP: 36/36 MP: 9/9
  2197 | D:3      | Noticed Jessica
  2207 | D:3      | Killed Jessica
  2355 | D:3      | Noticed Ijyb
  2404 | D:3      | Killed Ijyb
  3226 | D:4      | Reached XP level 7. HP: 41/41 MP: 4/10
  3243 | D:4      | Reached skill level 6 in Summonings
  3734 | D:5      | Entered Level 5 of the Dungeon
  4241 | D:5      | Found a staircase to the Ecumenical Temple.
  4257 | Temple   | Entered the Ecumenical Temple
  4257 | Temple   | Found a transporter.
  4257 | Temple   | Found a transporter.
  4270 | Temple   | Found a transporter.
  4270 | Temple   | Found a transporter.
  4294 | Temple   | Became a worshipper of Sif Muna the Loreminder
  4648 | D:6      | Reached XP level 8. HP: 25/48 MP: 6/11
  4781 | D:6      | Reached skill level 7 in Summonings
  4975 | D:6      | Reached skill level 5 in Fighting
  5764 | D:5      | Slain by a killer bee

Illustrated notes

Levels and vault maps discovered:
D:1:      nagdon_arrival_zigzag_paths, layout_basic,
          shapermc_ecumenical_altar_totnotflames
D:2:      layout_rooms, serial_forest, infiniplex_forest_end_2,
          infiniplex_forest_straight_4, infiniplex_forest_clump_medium,
          infiniplex_forest_straight_5, infiniplex_forest_lined_2,
          infiniplex_forest_lined_2, infiniplex_forest_lined_3_way,
          infiniplex_forest_pool, nicolae_figureground_pulse
D:3:      layout_loops_ring, minmay_close_crescents, uniq_jessica, uniq_ijyb,
          uniq_sigmund
D:4:      layout_loops_cross
D:5:      layout_basic, minmay_temple_entry_sparse_star
D:6:      layout_rooms, minmay_misc_feat_ornament
D:7:      layout_cave_pods, minitemple, minmay_curled_crystal
Temple:   hellmonk_temple_divided_pantheon

Skill      XL: |  1  2  3  4  5  6  7  8 |
---------------+-------------------------+-----
Fighting       | 1 2 3 4 5 |  5.2
Summonings     | 4 5 6 7 |  7.7
Polearms       | 2 3 4 |  4.3
Dodging        | |  1.5
Stealth        | |  2.1
Spellcasting   | |  2.4

Action                     |  1- 3 |  4- 6 |  7- 9 || total
---------------------------+-------+-------+-------++-------
  Melee: Club              |    44 |       |       ||    44
         Unarmed           |     5 |       |       ||     5
         Spear             |    51 |   170 |   179 ||   400
         Punch             |       |     1 |     2 ||     3
   Cast: Summon Small Mamm |     6 |       |     1 ||     7
         Call Imp          |     8 |     6 |    15 ||    29
         Call Canine Famil |       |    14 |    20 ||    34
  Evoke: Wand              |       |       |     1 ||     1
    Use: Scroll            |     1 |     1 |     6 ||     8
         Potion            |       |       |     1 ||     1
   Stab: Sleeping          |     7 |     6 |     1 ||    14
         Distracted        |       |       |     2 ||     2
 Armour: Robe              |    32 |    55 |    71 ||   158
  Dodge: Dodged            |    52 |    68 |   129 ||   249

Table legend: (Time is in decaauts)
 A = Elapsed time spent in this place.
 B = Non-inter-level travel time spent in this place.
 C = Inter-level travel time spent in this place.
 D = Time resting spent in this place.
 E = Time spent auto-exploring this place.
 F = Levels seen in this place.
 G = Mean time per level.
                   A        B        C        D        E       F      G
               +--------+--------+--------+--------+--------+-----+--------+
         Total |   5772 |   5491 |    281 |    538 |   3830 |   8 |  721.5 |
       Dungeon |   5717 |   5436 |    281 |    538 |   3813 |   7 |  816.7 |
        Temple |     55 |     55 |      0 |      0 |     17 |   1 |   55.0 |
               +--------+--------+--------+--------+--------+-----+--------+

Top non-repeatable levels by time:
     D:3: 1123 daAuts
     D:6: 1038 daAuts
     D:4: 910 daAuts
     D:2: 876 daAuts
     D:5: 857 daAuts
     D:1: 843 daAuts
     D:7: 66 daAuts
  Temple: 55 daAuts
